TOP OF THE 1ST |
Wichita Outriders batting - Pitching for Balboa Buccaneers : LHP Albert Lucas
|
Pitching: LHP Albert Lucas
|
|
Batting: RHB Jorge Vázquez
|
0-0: Ball 1-0: Ball 2-0: SINGLE (Line Drive, 89M)
|
Batting: LHB Jim Unknown
|
0-0: Ball 1-0: Ball 2-0: Foul Ball, location: 2F 2-1: Ground out U3 (Groundball, 3S) Jorge Vázquez to second
|
Batting: LHB Herman Gilliland
|
0-0: Ball 1-0: Called Strike 1-1: Called Strike 1-2: Ball 2-2: Strikes out swinging
|
Batting: RHB Jim Unknown
|
0-0: Ground out 6-3 (Groundball, 6)
|
Top of the 1st over - 0 run(s), 1 hit(s), 0 error(s), 1 left on base; Wichita 0 - Balboa 0 |
BOTTOM OF THE 1ST |
Balboa Buccaneers batting - Pitching for Wichita Outriders : RHP Jim Unknown
|
Pitching: RHP Jim Unknown
|
|
Batting: RHB Derek Schroeder
|
0-0: Ball 1-0: Swinging Strike 1-1: Ball 2-1: Swinging Strike 2-2: Foul Ball, location: 2F 2-2: Ball 3-2: Foul Ball, location: 2F 3-2: Fly out, F6 (Popup, 5D)
|
Batting: RHB César Garza
|
0-0: Ball 1-0: Ball 2-0: Ball 3-0: Called Strike 3-1: Foul Ball, location: 2F 3-2: Strikes out swinging
|
Batting: SHB Jason Lowe
|
0-0: Ball 1-0: SINGLE (Groundball, 56D)
|
Batting: RHB Jeff Bass
|
0-0: Ground out 1-3 (Groundball, 15S)
|
Bottom of the 1st over - 0 run(s), 1 hit(s), 0 error(s), 1 left on base; Wichita 0 - Balboa 0 |
TOP OF THE 2ND |
Wichita Outriders batting - Pitching for Balboa Buccaneers : LHP Albert Lucas
|
Batting: RHB Jim Unknown
|
0-0: Called Strike 0-1: Hit by Pitch
|
Batting: LHB Jim Unknown
|
0-0: Ball 1-0: SINGLE (Line Drive, 34D) Jim Unknown to second
|
Batting: RHB Christian O'Neal
|
0-0: Ball 1-0: Swinging Strike 1-1: Ball 2-1: Swinging Strike 2-2: Ball 3-2: Fly out, F8 (Flyball, 8LD) Runner from 2nd tags up, SAFE at 3rd, no throw
|
Batting: RHB Jorge Rocha
|
0-0: Called Strike 0-1: Ball 1-1: Called Strike 1-2: 3-RUN HOME RUN (Flyball, 7LD), Distance : 360 ft
|
Batting: RHB Jim Unknown
|
0-0: Ball 1-0: Foul Ball, location: 2F 1-1: Called Strike 1-2: Foul Ball, location: 2F 1-2: Strikes out looking
|
Batting: RHB Jorge Vázquez
|
0-0: Called Strike 0-1: Swinging Strike 0-2: Ball 1-2: Ball 2-2: Ground out 6-3 (Groundball, 6)
|
Top of the 2nd over - 3 run(s), 2 hit(s), 0 error(s), 0 left on base; Wichita 3 - Balboa 0 |
BOTTOM OF THE 2ND |
Balboa Buccaneers batting - Pitching for Wichita Outriders : RHP Jim Unknown
|
Batting: RHB Matt Nelson
|
0-0: Foul Ball, location: 2F 0-1: Ball 1-1: Called Strike 1-2: Strikes out swinging
|
Batting: RHB Tom Tracy
|
0-0: Ball 1-0: Swinging Strike 1-1: Swinging Strike 1-2: Fly out, F8 (Flyball, 8LM)
|
Batting: RHB Bill Manning
|
0-0: Ball 1-0: Foul Ball, location: 2F 1-1: Called Strike 1-2: Ball 2-2: Ball 3-2: Foul Ball, location: 2F 3-2: SOLO HOME RUN (Flyball, 7D), Distance : 391 ft
|
Batting: LHB Anthony Trigg
|
0-0: Ball 1-0: Called Strike 1-1: Called Strike 1-2: Strikes out swinging
|
Bottom of the 2nd over - 1 run(s), 1 hit(s), 0 error(s), 0 left on base; Wichita 3 - Balboa 1 |
TOP OF THE 3RD |
Wichita Outriders batting - Pitching for Balboa Buccaneers : LHP Albert Lucas
|
Batting: LHB Jim Unknown
|
0-0: Foul Ball, location: 2F 0-1: Foul Ball, location: 2F 0-2: Strikes out looking
|
Batting: LHB Herman Gilliland
|
0-0: Foul Ball, location: 2F 0-1: Ball 1-1: Ball 2-1: SINGLE (Line Drive, 3D)
|
Batting: RHB Jim Unknown
|
0-0: SINGLE (Groundball, 56D) Herman Gilliland to second
|
Batting: RHB Jim Unknown
|
0-0: Foul Ball, location: 2F 0-1: Ball 1-1: Ball 2-1: Fly out, F9 (Flyball, 9M)
|
Batting: LHB Jim Unknown
|
0-0: Ball 1-0: Foul Ball, location: 2F 1-1: Foul Ball, location: 2F 1-2: Ball 2-2: Strikes out swinging
|
Top of the 3rd over - 0 run(s), 2 hit(s), 0 error(s), 2 left on base; Wichita 3 - Balboa 1 |
BOTTOM OF THE 3RD |
Balboa Buccaneers batting - Pitching for Wichita Outriders : RHP Jim Unknown
|
Batting: LHB Jafar Taha
|
0-0: Ball 1-0: Ball 2-0: Ball 3-0: Base on Balls
|
Batting: RHB Derek Schroeder
|
0-0: Swinging Strike 0-1: Reached on error, E5 (Groundball, 56) Jafar Taha to second
|
Batting: RHB César Garza
|
0-0: Ball 1-0: Ball 2-0: Called Strike 2-1: Foul Ball, location: 2F 2-2: Ball 3-2: Grounds into double play, 6-4-3 (Groundball, 6) Jafar Taha to third
|
Batting: SHB Jason Lowe
|
0-0: Ground out 4-3 (Groundball, 4)
|
Bottom of the 3rd over - 0 run(s), 0 hit(s), 1 error(s), 1 left on base; Wichita 3 - Balboa 1 |
TOP OF THE 4TH |
Wichita Outriders batting - Pitching for Balboa Buccaneers : LHP Albert Lucas
|
Batting: RHB Christian O'Neal
|
0-0: Called Strike 0-1: Ball 1-1: SOLO HOME RUN (Line Drive, 7LD), Distance : 384 ft
|
Batting: RHB Jorge Rocha
|
0-0: Called Strike 0-1: Ball 1-1: Fly out, F8 (Flyball, 8RD)
|
Batting: RHB Jim Unknown
|
0-0: Ball 1-0: Ball 2-0: Ball 3-0: Base on Balls
|
Batting: RHB Jorge Vázquez
|
0-0: Called Strike 0-1: Ball 1-1: Ball 2-1: Foul Ball, location: 2F 2-2: Fly out, F4 (Popup, 4D)
|
Batting: LHB Jim Unknown
|
0-0: Called Strike 0-1: Ground out 3-1 (Groundball, 34S)
|
Top of the 4th over - 1 run(s), 1 hit(s), 0 error(s), 1 left on base; Wichita 4 - Balboa 1 |
BOTTOM OF THE 4TH |
Balboa Buccaneers batting - Pitching for Wichita Outriders : RHP Jim Unknown
|
Batting: RHB Jeff Bass
|
0-0: Called Strike 0-1: Ball 1-1: Called Strike 1-2: Ball 2-2: Strikes out swinging
|
Batting: RHB Matt Nelson
|
0-0: Foul Ball, location: 2F 0-1: Ball 1-1: Fly out, F8 (Flyball, 8LM)
|
Batting: RHB Tom Tracy
|
0-0: Called Strike 0-1: Ball 1-1: Fly out, F8 (Flyball, 8LS)
|
Bottom of the 4th over - 0 run(s), 0 hit(s), 0 error(s), 0 left on base; Wichita 4 - Balboa 1 |
TOP OF THE 5TH |
Wichita Outriders batting - Pitching for Balboa Buccaneers : LHP Albert Lucas
|
Batting: LHB Herman Gilliland
|
0-0: Ball 1-0: SINGLE (Line Drive, 34D)
|
Batting: RHB Jim Unknown
|
0-0: Ball 1-0: Foul Ball, location: 2F 1-1: Foul Ball, location: 2F 1-2: Ground out U3 (Groundball, 3S) Herman Gilliland to second
|
Batting: RHB Jim Unknown
|
0-0: Ball 1-0: 2-RUN HOME RUN (Flyball, 89XD), Distance : 393 ft
|
Batting: LHB Jim Unknown
|
0-0: Called Strike 0-1: Foul Ball, location: 2F 0-2: Strikes out swinging
|
Batting: RHB Christian O'Neal
|
0-0: Ball 1-0: Ball 2-0: SINGLE (Line Drive, 7S)
|
Batting: RHB Jorge Rocha
|
0-0: Ball 1-0: Called Strike 1-1: Ball 2-1: Ball 3-1: Base on Balls Christian O'Neal to second
|
Batting: RHB Jim Unknown
|
0-0: Ball 1-0: Called Strike 1-1: Called Strike 1-2: Ball 2-2: Strikes out swinging
|
Top of the 5th over - 2 run(s), 3 hit(s), 0 error(s), 2 left on base; Wichita 6 - Balboa 1 |
BOTTOM OF THE 5TH |
Balboa Buccaneers batting - Pitching for Wichita Outriders : RHP Jim Unknown
|
Batting: RHB Bill Manning
|
0-0: Foul Ball, location: 2F 0-1: Ball 1-1: Ball 2-1: Ball 3-1: SINGLE (Flyball, 9LS)
|
Batting: LHB Anthony Trigg
|
0-0: Swinging Strike 0-1: Ball 1-1: Ball 2-1: Ground out 4-3 (Groundball, 6M) Bill Manning to second
|
Batting: LHB Jafar Taha
|
0-0: Foul Ball, location: 2F 0-1: Fly out, F8 (Flyball, 8LXD) Runner from 2nd tags up, SAFE at 3rd, no throw
|
Batting: RHB Derek Schroeder
|
0-0: Swinging Strike 0-1: Ball 1-1: Ball 2-1: Ground out 4-3 (Groundball, 4)
|
Bottom of the 5th over - 0 run(s), 1 hit(s), 0 error(s), 1 left on base; Wichita 6 - Balboa 1 |
TOP OF THE 6TH |
Wichita Outriders batting - Pitching for Balboa Buccaneers : LHP Albert Lucas
|
Batting: RHB Jorge Vázquez
|
0-0: Called Strike 0-1: Ball 1-1: Ball 2-1: Ball 3-1: Base on Balls
|
Batting: LHB Jim Unknown
|
0-0: 2-RUN HOME RUN (Flyball, 9D), Distance : 364 ft
|
Pitching: RHP Gunner Hanna
|
|
Batting: LHB Herman Gilliland
|
0-0: Ball 1-0: Ball 2-0: Called Strike 2-1: Foul Ball, location: 2F 2-2: SINGLE (Line Drive, 8LS)
|
Batting: RHB Jim Unknown
|
0-0: Ball 1-0: Swinging Strike 1-1: Swinging Strike 1-2: SINGLE (Groundball, 56D) Herman Gilliland to second
|
Batting: RHB Jim Unknown
|
0-0: Foul Ball, location: 2F 0-1: Foul Ball, location: 2F 0-2: Foul Ball, location: 2F 0-2: Strikes out looking
|
Batting: LHB Jim Unknown
|
0-0: Ball 1-0: Foul Ball, location: 2F 1-1: Swinging Strike 1-2: Fly out, F7 (Flyball, 78D)
|
Batting: RHB Christian O'Neal
|
0-0: Ball 1-0: Ball 2-0: Foul Ball, location: 2F 2-1: Fly out, F4 (Line Drive, 4)
|
Top of the 6th over - 2 run(s), 3 hit(s), 0 error(s), 2 left on base; Wichita 8 - Balboa 1 |
BOTTOM OF THE 6TH |
Balboa Buccaneers batting - Pitching for Wichita Outriders : RHP Jim Unknown
|
Batting: RHB César Garza
|
0-0: Called Strike 0-1: Ball 1-1: Ball 2-1: Ground out 6-3 (Groundball, 6)
|
Batting: SHB Jason Lowe
|
0-0: Ball 1-0: Ball 2-0: Ball 3-0: Base on Balls
|
Batting: RHB Jeff Bass
|
0-0: Ball 1-0: Ball 2-0: Ball 3-0: Called Strike 3-1: Grounds into double play, 6-4-3 (Groundball, 6M)
|
Bottom of the 6th over - 0 run(s), 0 hit(s), 0 error(s), 0 left on base; Wichita 8 - Balboa 1 |
TOP OF THE 7TH |
Wichita Outriders batting - Pitching for Balboa Buccaneers : RHP Gunner Hanna
|
Pitching: RHP Bill Swain
|
|
Batting: RHB Jorge Rocha
|
0-0: Ball 1-0: Swinging Strike 1-1: SINGLE (Line Drive, 6MD)
|
Batting: RHB Jim Unknown
|
0-0: Ball 1-0: Ball 2-0: Ball 3-0: Base on Balls Jorge Rocha to second
|
Batting: RHB Jorge Vázquez
|
0-0: Called Strike 0-1: Fly out, F4 (Popup, 3)
|
Batting: LHB Jim Unknown
|
0-0: Called Strike 0-1: Foul Ball, location: 2F 0-2: Foul Ball, location: 2F 0-2: Ball 1-2: Foul Ball, location: 2F 1-2: Strikes out looking
|
Batting: LHB Herman Gilliland
|
0-0: Ball 1-0: Ball 2-0: Ball 3-0: Called Strike 3-1: Foul Ball, location: 2F 3-2: Strikes out swinging
|
Top of the 7th over - 0 run(s), 1 hit(s), 0 error(s), 2 left on base; Wichita 8 - Balboa 1 |
BOTTOM OF THE 7TH |
Balboa Buccaneers batting - Pitching for Wichita Outriders : RHP Jim Unknown
|
Batting: RHB Matt Nelson
|
0-0: Ball 1-0: Foul Ball, location: 2F 1-1: Ball 2-1: Called Strike 2-2: DOUBLE (Line Drive, 7LM)
|
Batting: RHB Tom Tracy
|
0-0: Called Strike 0-1: Called Strike 0-2: Ball 1-2: Foul Ball, location: 2F 1-2: Ball 2-2: Ball 3-2: Strikes out swinging
|
Batting: RHB Bill Manning
|
0-0: Ball 1-0: Foul Ball, location: 2F 1-1: Ball 2-1: Ball 3-1: Base on Balls
|
Batting: LHB Anthony Trigg
|
0-0: TRIPLE (Line Drive, 3D) Matt Nelson scores Bill Manning scores
|
Batting: LHB Jafar Taha
|
0-0: Called Strike 0-1: Foul Ball, location: 2F 0-2: Ball 1-2: Foul Ball, location: 2F 1-2: Ball 2-2: Foul Ball, location: 2F 2-2: SINGLE (Line Drive, 6D) Anthony Trigg scores
|
Batting: RHB Derek Schroeder
|
0-0: Ball 1-0: Called Strike 1-1: Ball 2-1: Ball 3-1: Foul Ball, location: 2F 3-2: Base on Balls Jafar Taha to second
|
Pitching: RHP Jim Unknown
|
|
Batting: RHB César Garza
|
0-0: Ball 1-0: Ball 2-0: Foul Ball, location: 2F 2-1: Ball 3-1: Foul Ball, location: 2F 3-2: Base on Balls Jafar Taha to third Derek Schroeder to second
|
Batting: SHB Jason Lowe
|
0-0: Ball 1-0: Foul Ball, location: 2F 1-1: Ball 2-1: Foul Ball, location: 2F 2-2: Ball 3-2: Strikes out swinging
|
Batting: RHB Jeff Bass
|
0-0: Called Strike 0-1: Ball 1-1: Ball 2-1: Fly out, F9 (Line Drive, 9M)
|
Bottom of the 7th over - 3 run(s), 3 hit(s), 0 error(s), 3 left on base; Wichita 8 - Balboa 4 |
TOP OF THE 8TH |
Wichita Outriders batting - Pitching for Balboa Buccaneers : RHP Bill Swain
|
Batting: RHB Jim Unknown
|
0-0: Called Strike 0-1: Called Strike 0-2: Foul Ball, location: 2F 0-2: Strikes out swinging
|
Batting: RHB Jim Unknown
|
0-0: Ball 1-0: Called Strike 1-1: Ball 2-1: Ball 3-1: DOUBLE (Groundball, 3L)
|
Batting: LHB Jim Unknown
|
0-0: Foul Ball, location: 2F 0-1: SINGLE (Groundball, 34D) Jim Unknown to third Runner from 3rd tries for Home, SAFE, throw made home
|
Pitching: RHP José Domingo
|
|
Batting: RHB Christian O'Neal
|
0-0: Ball 1-0: Swinging Strike 1-1: SINGLE (Groundball, 56D) Jim Unknown to second
|
Batting: RHB Jorge Rocha
|
0-0: Ball 1-0: Fly out, F7 (Popup, 78S)
|
Batting: RHB Jim Unknown
|
0-0: Ball 1-0: Ball 2-0: Foul Ball, location: 2F 2-1: Foul Ball, location: 2F 2-2: Foul Ball, location: 2F 2-2: Foul Ball, location: 2F 2-2: Ball 3-2: Foul Ball, location: 2F 3-2: Foul Ball, location: 2F 3-2: Base on Balls Jim Unknown to third Christian O'Neal to second
|
Batting: RHB Jorge Vázquez
|
0-0: Ball 1-0: Called Strike 1-1: Called Strike 1-2: Strikes out swinging
|
Top of the 8th over - 1 run(s), 3 hit(s), 0 error(s), 3 left on base; Wichita 9 - Balboa 4 |
BOTTOM OF THE 8TH |
Balboa Buccaneers batting - Pitching for Wichita Outriders : RHP Jim Unknown
|
Batting: RHB Matt Nelson
|
0-0: Swinging Strike 0-1: Ball 1-1: Ball 2-1: Swinging Strike 2-2: Strikes out swinging
|
Batting: RHB Tom Tracy
|
0-0: Ball 1-0: Ball 2-0: Foul Ball, location: 2F 2-1: DOUBLE (Line Drive, 7LM)
|
Batting: RHB Bill Manning
|
0-0: Ball 1-0: Ball 2-0: Ball 3-0: Base on Balls
|
Batting: LHB Anthony Trigg
|
0-0: Ball 1-0: Ball 2-0: Called Strike 2-1: Ball 3-1: Fly out, F6 (Popup, 6)
|
Batting: LHB Jafar Taha
|
0-0: Ball 1-0: Foul Ball, location: 2F 1-1: Swinging Strike 1-2: Ball 2-2: Foul Ball, location: 2F 2-2: Foul Ball, location: 2F 2-2: Foul Ball, location: 2F 2-2: Strikes out swinging
|
Bottom of the 8th over - 0 run(s), 1 hit(s), 0 error(s), 2 left on base; Wichita 9 - Balboa 4 |
TOP OF THE 9TH |
Wichita Outriders batting - Pitching for Balboa Buccaneers : RHP José Domingo
|
Pitching: RHP Rubén Rodríguez
|
|
Batting: LHB Jim Unknown
|
0-0: Called Strike 0-1: Fly out, F7 (Flyball, 7M)
|
Batting: LHB Herman Gilliland
|
0-0: Swinging Strike 0-1: Swinging Strike 0-2: Ball 1-2: Ball 2-2: Strikes out swinging
|
Batting: RHB Jim Unknown
|
0-0: Called Strike 0-1: Ball 1-1: Foul Ball, location: 2F 1-2: Foul Ball, location: 2F 1-2: SOLO HOME RUN (Flyball, 78XD), Distance : 427 ft
|
Batting: RHB Jim Unknown
|
0-0: Fly out, F9 (Flyball, 9D)
|
Top of the 9th over - 1 run(s), 1 hit(s), 0 error(s), 0 left on base; Wichita 10 - Balboa 4 |
BOTTOM OF THE 9TH |
Balboa Buccaneers batting - Pitching for Wichita Outriders : RHP Jim Unknown
|
Batting: RHB Derek Schroeder
|
0-0: Ball 1-0: Ball 2-0: Ball 3-0: Base on Balls
|
Batting: RHB César Garza
|
0-0: Called Strike 0-1: Ball 1-1: Foul Ball, location: 2F 1-2: SINGLE (Flyball, 9LS) Derek Schroeder to second Runner from 2nd tries for 3rd, SAFE, no throw or cutoff
|
Batting: SHB Jason Lowe
|
0-0: Ball 1-0: Ball 2-0: Foul Ball, location: 2F 2-1: Ball 3-1: Foul Ball, location: 2F 3-2: Foul Ball, location: 2F 3-2: Foul Ball, location: 2F 3-2: Base on Balls César Garza to second
|
Pitching: RHP Jim Unknown
|
|
Batting: RHB Jeff Bass
|
0-0: Swinging Strike 0-1: Ball 1-1: Hit by Pitch Derek Schroeder scores César Garza to third Jason Lowe to second
|
Pitching: RHP Jim Unknown
|
|
Batting: RHB Matt Nelson
|
0-0: Grounds into double play, 4-6-3 (Groundball, 4) César Garza scores Jason Lowe to third
|
Batting: RHB Tom Tracy
|
0-0: Ball 1-0: Called Strike 1-1: Ball 2-1: Ground out 5-3 (Groundball, 5)
|
Bottom of the 9th over - 2 run(s), 1 hit(s), 0 error(s), 1 left on base; Wichita 10 - Balboa 6 |
|